AoeStats
← 騷護士

Lombardia

509682160Analyzed
4v4 RM · 5d ago on Sep 27, 2026· 58m 22s· 8 players
Game mode
Random Map
Map size
Large (8 player)
Population
200
Speed
Normal
Resources
Standard
Victory
Conquest
Starting age
Dark Age
Ending age
Imperial Age
RankedLock teamsTeams togetherTeam positionsShared explorationLock speedFull tech treeHidden civsTurbo modeCheats
Victory
Defeat
🇪🇸 Berbers · Spain
1551
+17
🇺🇸 Jurchens · United States
1542
+17
🇵🇹 Mongols · Portugal
1523
+18
🇺🇸 Bulgarians · United States
1508
+19
1616
-20
🇹🇼 Romans · Taiwan
1606
-19
🇨🇳 Persians · China
1592
-19
1463
-13
boo
9:20 Feudal Age
13:25 Castle Age
11:38 Double-Bit Axe
16:04 Horse Collar
21:56 Bow Saw
24:21 Wheelbarrow
23:53 Heavy Plow
24:13 Gold Mining
24:14 Stone Mining
25:35 Hand Cart
30:35 Imperial Age
27:51 Loom
27:52 Town Watch
28:13 Scale Barding Armor
28:50 Forging
29:54 Chain Barding Armor
30:10 Iron Casting
29:36 Husbandry
29:47 Bloodlines
30:19 Gold Shaft Mining
30:36 Elite Steppe Lancer
32:02 Plate Barding Armor
32:57 Blast Furnace
32:20 Conscription
33:38 Fletching
34:00 Masonry
43:37 Caravan
46:27 Stone Shaft Mining
46:53 Two-Man Saw
46:31 Crop Rotation
48:29 Bodkin Arrow
49:06 Architecture
48:57 Ballistics
49:37 Chemistry
50:41 Coinage
50:44 Town Patrol
51:26 Siege Engineers
51:43 Fortified Bastions
52:20 Hoardings
55:17 Capped Ram
56:03 Siege Ram
mxrider971
8:26 Loom
11:29 Feudal Age
12:18 Horse Collar
15:12 Castle Age
13:32 Double-Bit Axe
16:21 Bow Saw
22:58 Wheelbarrow
25:54 Heavy Plow
26:26 Husbandry
26:37 Bloodlines
26:34 Scale Barding Armor
26:40 Forging
27:03 Hand Cart
30:17 Imperial Age
28:54 Chain Barding Armor
29:10 Iron Casting
29:38 Gold Mining
29:39 Stone Mining
30:18 Elite Konnik
31:37 Plate Barding Armor
32:02 Blast Furnace
31:37 Crop Rotation
32:17 Scale Mail Armor
32:20 Squires
32:06 Arson
33:21 Conscription
33:39 Chain Mail Armor
34:49 Bagains
35:43 Plate Mail Armor
35:04 Fletching
35:45 Caravan
38:01 Murder Holes
38:42 Onager
39:43 Siege Engineers
40:27 Siege Onager
41:24 Light Cavalry
43:53 Hussar
53:33 Heavy Scorpion
54:49 Cavalier
冰人
5:28 Loom
8:21 Feudal Age
10:03 Double-Bit Axe
9:58 Horse Collar
14:20 Forging
20:29 Castle Age
19:30 Scale Barding Armor
20:34 Light Cavalry
21:14 Husbandry
21:24 Bloodlines
21:38 Chain Barding Armor
22:07 Heavy Plow
22:18 Bow Saw
25:43 Stone Mining
26:26 Gold Mining
28:25 Stone Shaft Mining
29:54 Wheelbarrow
29:04 Town Watch
30:29 Gold Shaft Mining
31:03 Fortified Wall
31:14 Ballistics
31:23 Hand Cart
33:20 Murder Holes
33:50 Masonry
33:34 Fletching
33:45 Padded Archer Armor
36:39 Imperial Age
34:46 Bodkin Arrow
35:07 Leather Archer Armor
36:37 Caravan
36:45 Thumb Ring
37:22 Bracer
38:38 Chemistry
38:05 Parthian Tactics
38:58 Coinage
39:51 Drill
39:41 Onager
41:27 Conscription
40:57 Siege Onager
41:48 Capped Ram
42:36 Siege Engineers
43:30 Capped Ram
44:47 Elite Mangudai
49:07 Hoardings
57:57 Siege Ram
King of Puchi
7:13 Loom
9:04 Feudal Age
8:26 Loom
10:05 Double-Bit Axe
10:54 Horse Collar
17:35 Wheelbarrow
21:37 Castle Age
22:42 Bow Saw
22:33 Heavy Plow
22:28 Town Watch
22:58 Hand Cart
22:47 Town Watch
24:48 Husbandry
24:16 Light Cavalry
27:53 Gold Mining
28:56 Stone Mining
33:36 Imperial Age
31:53 Gold Shaft Mining
31:26 Fletching
31:36 Padded Archer Armor
31:50 Bloodlines
31:54 Bodkin Arrow
32:58 Leather Archer Armor
33:35 Caravan
34:17 Ballistics
34:39 Bracer
35:41 Chemistry
35:52 Conscription
35:58 Thumb Ring
36:01 Maghrebi Camels
37:27 Fortified Wall
37:28 Masonry
37:30 Kasbah
38:06 Hoardings
38:52 Ring Archer Armor
38:37 Elite Camel Archer
41:45 Hoardings
48:29 Siege Engineers
50:33 Hussar
57:25 Treadmill Crane
57:59 Scale Barding Armor
58:04 Forging
58:12 Capped Ram
[CANTINAMX] | Vintar Khan
4:34 Loom
10:33 Feudal Age
11:49 Double-Bit Axe
15:52 Fletching
18:18 Wheelbarrow
18:41 Scale Mail Armor
23:58 Castle Age
22:56 Gold Mining
22:57 Stone Mining
24:05 Crossbowman
24:41 Bodkin Arrow
24:09 Pikeman
29:23 Hand Cart
29:43 Horse Collar
30:04 Padded Archer Armor
31:19 Leather Archer Armor
31:29 Ballistics
31:27 Scale Barding Armor
34:58 Imperial Age
32:57 Town Watch
33:25 Forging
33:31 Chain Mail Armor
34:06 Gold Shaft Mining
35:09 Fortified Wall
36:46 Chemistry
35:48 Bracer
36:35 Conscription
36:44 Caravan
37:16 Ring Archer Armor
41:42 Town Patrol
42:27 Siege Engineers
43:47 Yeomen
44:09 Elite Longbowman
46:06 Plate Mail Armor
46:12 Iron Casting
49:53 Murder Holes
52:34 Hoardings
54:20 Warwolf
啥牌子的
11:19 Feudal Age
15:43 Castle Age
14:14 Double-Bit Axe
14:14 Horse Collar
17:49 Heavy Plow
19:31 Bow Saw
21:34 Wheelbarrow
23:33 Town Watch
23:35 Loom
25:37 Gold Mining
27:32 Hand Cart
30:01 Imperial Age
28:04 Town Patrol
28:10 Scale Barding Armor
28:17 Forging
29:31 Chain Barding Armor
30:27 Gold Shaft Mining
30:38 Iron Casting
29:52 Elite War Elephant
30:53 Conscription
31:39 Crop Rotation
31:29 Caravan
32:44 Plate Barding Armor
33:10 Blast Furnace
32:50 Fletching
37:45 Citadels
41:06 Stone Mining
43:15 Husbandry
43:25 Bloodlines
42:36 Cavalier
45:58 Savar
50:04 Two-Man Saw
50:23 Coinage
50:31 Light Cavalry
51:52 Stone Shaft Mining
52:14 Hussar
騷護士
5:05 Loom
10:59 Feudal Age
15:08 Castle Age
13:35 Double-Bit Axe
15:41 Wheelbarrow
14:50 Horse Collar
24:17 Hand Cart
30:52 Imperial Age
28:55 Ballistics
30:41 Caravan
31:04 Murder Holes
31:30 Heavy Scorpion
33:26 Ballistas
33:54 Heavy Plow
38:36 Pikeman
39:17 Squires
42:39 Fortified Wall
44:27 Halberdier
48:25 Scale Mail Armor
49:11 Forging
49:19 Fletching
49:45 Chain Mail Armor
50:18 Bodkin Arrow
53:00 Conscription
57:35 Siege Engineers
上帝惡魔楊宗翰
10:49 Feudal Age
15:28 Castle Age
13:54 Double-Bit Axe
13:50 Horse Collar
17:22 Bow Saw
17:54 Loom
24:31 Wheelbarrow
30:42 Imperial Age
28:05 Stone Mining
28:06 Gold Mining
28:31 Heavy Plow
28:46 Scale Barding Armor
29:17 Forging
29:37 Caravan
29:43 Husbandry
30:05 Hand Cart
29:35 Town Watch
30:21 Chain Barding Armor
30:50 Bloodlines
31:57 Iron Casting
31:25 Heavy Camel Rider
33:19 Plate Barding Armor
34:13 Blast Furnace
33:31 Imperial Camel Rider
39:58 Coinage
44:09 Two-Man Saw
44:45 Fortified Wall
47:01 Light Cavalry
48:45 Fletching
49:54 Hussar
Connection lost

Rejoining the realm…

Still unreachable

The connection could not be restored.

Session expired

The server has moved on; the page needs a fresh start.